[Event "World U20-ch22"]
[Site "Belfort"]
[Date "1983.08.14"]
[Round "3"]
[White "Stohl, Igor"]
[Black "Georgiev, Kiril"]
[Result "1/2-1/2"]
[ECO "D58"]
[WhiteElo "2335"]
[BlackElo "2410"]
[Annotator "Bulletin/Primel,D"]
[PlyCount "84"]
[EventDate "1983.08.12"]
[EventType "swiss"]
[EventRounds "13"]
[EventCountry "FRA"]
[SourceTitle "EXT 2004"]
[Source "ChessBase"]
[SourceDate "2003.11.25"]
[SourceVersion "1"]
[SourceVersionDate "2003.11.25"]
[SourceQuality "1"]
[TimeControl "40/9000:16/5400:0"]

1. Nf3 d5 2. c4 e6 3. d4 Nf6 4. Bg5 Be7 5. Nc3 O-O 6. e3 h6 7. Bh4 b6 8. Qc2
Bb7 9. Rd1 Nbd7 10. cxd5 Nxd5 (10... exd5 11. Bd3) 11. Bg3 c5 12. Bb5 (12. Nxd5
exd5 13. dxc5 bxc5 14. Be2 Qa5+ 15. Nd2 Ba6 16. b4 cxb4 17. Nb3 Qb6 18. Rxd5
Rac8 19. Qd2 Bxe2 20. Rxd7 Bb5 21. Rxe7 Rfd8 22. Nd4 Qg6 23. Qd1 Rxd4 24. exd4
Qc6 25. f3 Qc3+ 26. Qd2 Qa3 {Romanishin,O (2595)-Geller,E (2615)/Moscow 1981/
EXT 2002/1-0}) 12... N7f6 13. dxc5 Qc8 $1 (13... bxc5 14. O-O ) 14. Bd6 (14. c6 Nb4 ) (14. cxb6 axb6
$44 ) 14... Bxd6 15. cxd6 Rd8 16. O-O Rxd6 $11 17. Ba4
Ba6 18. Nxd5 Rxd5 19. Rxd5 Qxc2 20. Bxc2 Nxd5 21. Rd1 Rc8 22. Bb3 Be2 $1 {
Assure une bonne finale aux Noirs} 23. Re1 Bxf3 24. gxf3 Kf8 25. Rd1 Nf6 {
Avec la nullité conclue au 42ème coup (suite non disponible)} (25... Ke7 $5 26.
Bxd5 exd5 27. Rxd5 Rc2 28. Rb5 Kd6 $44) 26. f4 Ke7 27. Kg2 g5 (27... Ne4 28.
Kf3 Nc5) 28. fxg5 hxg5 29. Rd4 Nd7 30. Rg4 Rc5 31. Rc4 $1 {
Après l'échange des R, le B sera un peu meilleur que le N} f5 32. Kg3 Nf6 33.
f3 e5 34. Rxc5 bxc5 35. h4 $1 Nh5+ 36. Kh3 f4 37. hxg5 fxe3 38. Kg2 Nf4+ 39.
Kf1 Kf8 40. g6 Kg7 41. Bc2 Kf6 42. Be4 Kg7 1/2-1/2

[Event "Khanty-Mansiysk FIDE GP (Women)"]
[Site "Khanty-Mansiysk"]
[Date "2014.04.17"]
[Round "8"]
[White "Ushenina, Anna"]
[Black "Kosintseva, Tatiana"]
[Result "1-0"]
[ECO "D58"]
[WhiteElo "2501"]
[BlackElo "2496"]
[Annotator "ChessBase Website"]
[PlyCount "107"]
[EventDate "2014.04.09"]
[EventType "tourn"]
[EventRounds "11"]
[EventCountry "RUS"]
[EventCategory "10"]
[SourceTitle "CBM 160"]
[Source "ChessBase"]
[SourceDate "2014.05.15"]
[SourceVersion "1"]
[SourceVersionDate "2014.05.15"]
[SourceQuality "1"]
[TimeControl "40/5400+30:1800+30"]
[WhiteClock "1:30:00"]
[BlackClock "1:30:00"]

1. d4 d5 2. c4 e6 3. Nc3 Be7 4. Nf3 Nf6 5. Bg5 h6 6. Bh4 O-O 7. e3 b6 8. Be2 Bb7 9. Bxf6 Bxf6 10. cxd5 exd5 11. b4 c5 12. bxc5 bxc5 13. Rb1 Bc6 (13... Bc8 14. O-O Nc6 15.
Rc1 cxd4 16. Nb5 Qb6 17. Nbxd4 Nxd4 18. Nxd4 Bxd4 19. Qxd4 Qxd4 20. exd4 {
1/2-1/2 (20) Giri,A (2730)-Naiditsch,A (2712) Belgium 2013}) 14. Bb5 a6 15. Be2 $146 (15. Bxc6 Nxc6 16.
O-O cxd4 {1/2-1/2 (16) Ivkov,B (2525)-Petrosian,A (2495) Sarajevo 1986}) 15...
Nd7 16. O-O Qe7 17. Qd2 Rfd8 18. Rfd1 g6 19. dxc5 Nxc5 20. Nd4 Be8 21. Bf3 Qe5 22. Nce2 a5 23. Rb6 Na4 24. Rbb1 Nc5 25. Rdc1 Ne4 26. Qd3 Ng5 27. Ng3 Nxf3+ 28. Nxf3 Qe7 $11 {
[%emt 0:03:53][%csl Ge8,Gf6] The game was even all throughout, with Kosintseva
having compensation for her isolated pawn in the form of two bishops. An
interesting strategical struggle was marred by a horrible miscalculation by
the Russian player, who surely thought she was winning only to miss a mating
attack by her opponent.} 29. Nd4 Bg7 30. h3 a4 31. Nge2 Qe4 32. Qd2 Rac8 33. Nc3 Qe7 34. Ncb5 Rc4 35. Qa5 Rdc8 36. Rxc4 dxc4 37. Nc3 Kh7 38. Qa6 Qd8 39. Rd1 Qc7 40. Ncb5 Bxb5 41. Nxb5 Qc5 42. Nd4 c3 43. Qxa4 Rb8 44. Nb3 Qf5 45. Rc1 Qd3 46. Qa7 Rb5 47. Kh2 c2 48. Nd4 Rb1 49. Rxc2 Bxd4 50. Qxf7+ Bg7 51. Rc7 Qd6+ 52. f4 Qxc7 53. Qxc7 Ra1 54. Qc4 1-0

[Event "Luxembourg-chT 1112"]
[Site "Luxembourg"]
[Date "2012.04.10"]
[Round "8"]
[White "Istratescu, Andrei"]
[Black "Feller, Sebastien"]
[Result "1/2-1/2"]
[ECO "D58"]
[WhiteElo "2670"]
[BlackElo "2611"]
[Annotator "Marin,M"]
[PlyCount "29"]
[EventDate "2011.10.??"]
[EventType "team-tourn"]
[EventRounds "10"]
[EventCountry "LUX"]
[SourceTitle "EXT 2017"]
[Source "ChessBase"]
[SourceDate "2016.10.25"]
[SourceVersion "1"]
[SourceVersionDate "2016.10.25"]
[SourceQuality "1"]
[TimeControl "40/5400+30:1800+30"]

1. d4 d5 2. c4 e6 3. Nc3 Be7 4. Nf3 Nf6 5. Bg5 h6 6. Bh4 O-O 7. e3 b6 8. Rc1
Bb7 9. cxd5 exd5 10. Bd3 Nbd7 11. O-O c5 12. Bf5 Re8 $1 {I love the abstract
logic of this move. Once White has given the possibility of Bb5, the rook
surely belongs on e8. Moreover, the control over the e4-square is strengthened,
avoiding certain tactical problems.} 13. b3 $5 {is an interesting attempt to
restrict the mobility of the hanging pawns.} cxd4 $146 (13... Ne4 14. Bxe7 Rxe7
15. dxc5 Ndxc5 16. b4 Ne6 17. Bxe6 Rxe6 18. Nxe4 Rxe4 19. Nd4 Ba6 20. b5 Bb7
21. Qf3 Rc8 22. Qg3 Rc4 23. h3 Qc8 24. Rxc4 dxc4 25. Rc1 Re8 {1/2-1/2 (25) Bu,
X (2640)-Zhang,Z (2640) Wuxi 2006}) 14. Nxd4 Nc5 15. b4 1/2-1/2

[Event "FRA-chT Top 12"]
[Site "Brest"]
[Date "2019.05.20"]
[Round "3.4"]
[White "Istratescu, Andrei"]
[Black "Colin, Vincent"]
[Result "1-0"]
[ECO "D58"]
[WhiteElo "2555"]
[BlackElo "2383"]
[Annotator "Mueller,Karsten"]
[PlyCount "85"]
[EventDate "2019.05.18"]
[EventType "team-tourn"]
[EventRounds "11"]
[EventCountry "FRA"]
[SourceTitle "CBM 191"]
[Source "ChessBase"]
[SourceDate "2019.08.31"]
[SourceVersion "1"]
[SourceVersionDate "2019.08.31"]
[SourceQuality "1"]
[WhiteTeam "Mulhouse"]
[BlackTeam "Tours Hauts-de-France St Quentin"]
[WhiteTeamCountry "FRA"]
[BlackTeamCountry "FRA"]
[TimeControl "40/5400+30:1800+30"]

1. d4 Nf6 2. c4 e6 3. Nf3 d5 4. Nc3 Be7 5. Bg5 O-O 6. e3 h6 7. Bh4 b6 8. Bd3 Bb7 9. O-O Ne4 10. Bg3 Nxc3 11. bxc3 dxc4 12. Bxc4 Nd7 13. Bd3 Bd6 14. e4 Bxg3 15. hxg3 c5 16. Qe2 (16. Re1 Qc7 17.
a4 Rfd8 18. a5 e5 19. a6 Bc8 20. Bc4 Rb8 21. Qb3 Rf8 22. Bb5 cxd4 23. cxd4 exd4
24. Nxd4 Nc5 25. Qb2 Be6 26. Nf5 f6 27. Nd4 Bd7 28. Bc4+ Kh8 29. Nb5 Bxb5 30.
Bxb5 Rbd8 31. e5 fxe5 32. Qxe5 Qf7 33. Qe3 Rd6 34. Rad1 Re6 35. Qd4 Rf6 36. Re2
Qh5 37. Re5 Qf7 38. Re2 Qh5 39. Bc4 Qg6 40. Qe3 Qg4 41. Rd4 Qc8 42. Qe7 Qb8 43.
Rg4 g6 44. Rh4 g5 45. Rd4 Rg6 {Sakaev,K (2633)-Shomoev,A (2551) Dresden 2007
1-0 (84)}) 16... Qe7 17. a4 cxd4 18. cxd4 $14 Rac8 19. a5 Rc7 20. axb6 axb6 21. Rfe1 (21. Ra7) 21... Rfc8 22. Qb2 Rc3 23. Ra7 Rxd3 24. Rxb7 Rdc3 25. Qxb6 Nxb6 26. Rxe7 R3c7 27.
Rxc7 Rxc7 28. g4 $16 f6 29. Rd1 Kf7 30. Nd2 Na4 31. Kf1 Rc2 32. Nf3 Nc3 33. Re1 Kg6 34. g3 h5 $6 35.
gxh5+ Kxh5 36. e5 f5 37. d5 $1 {[%emt 0:00:30] This sets a trap. Das stellt eine
Falle.} Ne4 $2 {[%emt 0:01:13] Not like this. So geht es nicht.} ({After Nach} 
37... Nxd5 {the counterplay is enough for a draw, e.g. reicht das Gegenspiel
zum Remis, z.B.} 38. Nd4 Rd2 39. Nxe6 Kg4 40. Nxg7 f4 41.
gxf4 Kf3 42. Kg1 Rxf2 43. Rf1 Rxf1+ 44. Kxf1 Kxf4 $11) 38. dxe6 Kg4 $6 (38... Rxf2+ 39. Kg1 Ra2 (39... Rxf3 $6 40. e7 $18)
40. e7 Ra8 41. Nd4 Kg6 42. g4 Nc3 43. Re3 Nd5 44. gxf5+ Kf7 45. Rb3 Nxe7 46.
Rb7 $18) 39. e7 Rxf2+ (39... Rc8 40. Nd4 $18)
40. Kg1 Kxf3 41. Rf1 Rxf1+ 42. Kxf1 Nxg3+ 43. Ke1 1-0

[Event "Sautron op 14th"]
[Site "Sautron"]
[Date "2014.10.25"]
[Round "5"]
[White "Terrieux, Kevin"]
[Black "Delorme, Alban"]
[Result "1-0"]
[ECO "D58"]
[WhiteElo "2409"]
[BlackElo "2317"]
[Annotator "RR"]
[PlyCount "95"]
[EventDate "2014.10.26"]
[EventType "swiss"]
[EventRounds "9"]
[EventCountry "FRA"]
[SourceTitle "EXT 2015"]
[Source "ChessBase"]
[SourceDate "2014.11.20"]
[SourceVersion "1"]
[SourceVersionDate "2014.11.20"]
[SourceQuality "1"]
[TimeControl "40/5400+30:1800+30"]
[WhiteClock "0:28:51"]
[BlackClock "0:52:22"]

1. d4 d5 2. c4 e6 3. Nc3 Be7 4. Nf3 Nf6 5. Bg5 h6 6. Bh4 O-O 7. e3 b6 8. Rc1 Bb7 9. cxd5 (9. Bxf6)
9... exd5 10. Bd3 Nbd7 11.
O-O Ne4 12. Bxe7 (12. Bg3 c5
13. Qe2 $14) 12... Qxe7 13. Qa4 $5 c5 14. Ba6 Ndf6 15.
Bxb7 Qxb7 16. dxc5 (16. Ne5
Rac8 17. Rfd1 c4 18. Nxe4 Nxe4 19. Qb4 a5 20. Qb5 Nd6 21. Qd7 Rfd8 22. Qxb7
Nxb7 23. a4 Nd6 24. f3 f6 25. Ng6 Kf7 26. Nf4 Nf5 27. Kf2 g5 28. Ne2 Ne7 29.
Nc3 f5 30. Rb1 Nc6 31. Na2 Nb4 32. Nc3 Rc6 33. Ke2 Re6 34. Kd2 Rde8 35. Re1 Kg6
36. Re2 h5 37. Rf1 Rd8 38. g3 g4 39. Rg2 Rde8 40. fxg4 hxg4 41. Re2 Rd8 42.
Ref2 Rf8 43. Rf4 Rff6 44. R4f2 Rf8 45. Ne2 Nd3 {Gunina,V (2448)-Kosintseva,N 
(2533) Moscow 2010 1-0 (92)}) 16... bxc5 17. b3 $146 (17. Qc2 Rac8 18. Rfd1 Rfe8 19. Qb3 Qc6 20. Nxe4 Nxe4 21. Qc2 Qe6 22.
Qd3 d4 23. exd4 Qxa2 24. Nd2 Qd5 25. Nxe4 Rxe4 26. Qa6 Rc6 27. Qxa7 c4 28. Rc3
h5 29. Rf3 h4 30. Qa8+ Kh7 31. h3 Ree6 32. Qf8 Rg6 33. Qxf7 Qg5 34. g4 hxg3 35.
Rxg3 Qh5 36. Rf1 Rcf6 37. Qxc4 Qxh3 38. Qd3 Rf5 39. Re1 Rxg3+ 40. Qxg3 Qh6 41.
Re5 Qc1+ 42. Kg2 Rxe5 43. Qxe5 Qxb2 44. Qf5+ Kg8 45. d5 Qb6 46. Kf3 Qd4 {
Gosset,A (2213)-Shirazi,K (2352) Paris 2011 1-0}) 17... Qb4 18. Qxb4 cxb4 19. Na4 Rac8 20. Nd4 $14 Rfe8 21. f3 Nd6 22. Kf2 Nd7 23. Nc6 $1 Nf5 (23... h5) 24. g4 $1 Nd6 25. Rfd1 Ne5 26. Nxe5 Rxc1 27. Rxc1 Rxe5 28. Rc6 Nb5 29. Rc5 a6 30. Rc8+ Kh7 31. Rc6 d4 32. e4 Nc3 33. Rxa6 Nxa2 34. Rd6 Nc1 35. Rxd4 Rb5 (35... Nxb3 36. Rxb4 Nc5) 36. Rd5 Rxd5 37. exd5 Nxb3 38. Ke3 Kg6 39. Nb2 Kf6 40. Nd3 g5 (40... Ke7
41. f4) 41. f4 gxf4+ $6 (41... Ke7) 42. Kxf4 Ke7 43. Nxb4 Nd4 44. Nc6+ Kd6 45. Nb4 Nb3 46. Kf5 Nd4+ 47. Kf4 Nb3 48.
h4 1-0